 Dungeon Crawl Stone Soup version 0.30-a0-883-g5ad918d77d (webtiles) character file.

Game seed: 14828929963150774477

681 howech the Sneak (level 7, -2/41 HPs)
             Began as an Octopode Enchanter on Mar 15, 2023.
             Was a Priest of Wu Jian.
             Killed from afar by a white imp (13 damage)
             ... with a puff of frost
             ... on level 5 of the Dungeon.
             The game lasted 00:16:34 (4729 turns).

howech the Sneak (Octopode Enchanter)               Turns: 4729, Time: 00:16:35

Health: -2/41      AC:  1    Str:  7    XL:     7   Next: 61%
Magic:  11/12      EV: 14    Int: 19    God:    Wu Jian [***...]
Gold:   236        SH:  0    Dex: 13    Spells: 8/13 levels left

rFire   . . .      SeeInvis .    a - +1 dagger (venom)
rCold   . . .      Faith    .    (no shield)
rNeg    + . .      Spirit   .    (helmet restricted)
rPois   .          Reflect  .    (no amulet)
rElec   .          Rampage  .    m - ring of positive energy
rCorr   .                        (no ring)
Will    .....                    (no ring)
Stlth   ++++                     (no ring)
HPRegen 0.26/turn                (no ring)
MPRegen 0.13/turn                (no ring)
                                 (no ring)
                                 (no ring)

@: no status effects
A: almost no armour, amphibious, 8 rings, camouflage 1, gelatinous body 1,
(nimble swimmer 1), tentacles
a: Renounce Religion, Wall Jump, Serpent's Lash


You were on level 5 of the Dungeon.
You worshipped Wu Jian.
Wu Jian was most pleased with you.
You visited 2 branches of the dungeon, and saw 6 of its levels.

You collected 236 gold pieces.

Inventory:

Hand Weapons
 a - a +1 dagger of venom (weapon)
 l - the +8 long sword of the Crushed Portals {elec, rC+++ Str+4 Int-5}
   (You found it on level 4 of the Dungeon)

   Str:       It affects your strength (+4).
   Int:       It affects your intelligence (-5).
   rC:        It renders you almost immune to cold.
Jewellery
 m - a ring of positive energy (left tentacle)
Wands
 k - a wand of paralysis (7)
 o - a wand of flame (22)
 p - a wand of mindburst (16)
Scrolls
 c - 4 scrolls of teleportation
 i - 2 scrolls of identify
 n - a scroll of brand weapon
Potions
 b - 3 potions of invisibility
 d - a potion of mutation
 e - 2 potions of curing
 f - 2 potions of flight
 g - a potion of magic
 h - a potion of brilliance
 j - 2 potions of berserk rage


   Skills:
 + Level 3.5 Short Blades
 + Level 4.0 Dodging
 + Level 6.4 Stealth
 + Level 3.8 Spellcasting
 + Level 4.6 Hexes


You had 8 spell levels left.
You knew the following spells:

 Your Spells              Type           Power      Damage    Failure   Level
a - Ensorcelled Hibernat  Hex/Ice        24%        N/A       9%          2
b - Dazzling Flash        Conj/Hex       24%        N/A       16%         3

Your spell library contained the following spells:

 Spells                   Type           Power      Damage    Failure   Level
 Confusing Touch          Hex            21%        N/A       6%          3
 Tukima's Dance           Hex            21%        N/A       6%          3


Dungeon Overview and Level Annotations

Branches:
Dungeon (5/15)             Temple (1/1) D:4

Altars:
Ashenzari
Cheibriados
Elyvilon
Fedhas
Kikubaaqudgha
Makhleb
Nemelex Xobeh
Qazlal
Ru
Sif Muna
Uskayaw
Vehumet
Wu Jian
Xom
Zin

Shops:
D:3 *!=?(   D:4 *

Annotations:
D:3 3 runed translucent doors, exclusion: oklob plant, arandomgamer's ghost, amateur HOFi


Innate Abilities, Weirdness & Mutations

You cannot wear most types of armour.
You are amphibious.
You can wear up to eight rings at the same time.
Your skin changes colour to match your surroundings (Stealth+).
Your rubbery body absorbs attacks. (AC +1, EV +1)
((You are camouflaged when in or above water. (Stealth+)))
You have tentacles for arms and can constrict up to eight enemies at once.


Message History

The white imp gestures at you. The puff of frost hits you!
The centaur shoots an arrow.
The arrow hits you!
Casting: Ensorcelled Hibernation (safe; 9% risk of failure)
Confirm with . or Enter, or press ? or * to list all spells.
Aiming: Ensorcelled Hibernation (safe; 9% risk of failure)
Press: ? - help, Shift-Dir - straight line, f - centaur
Aim: a centaur, wielding a +0 shortbow (chance to affect: 46%)
The centaur looks drowsy...
You lunge at the centaur, in a flurry of attacks.
The helpless centaur fails to defend itself.
You impale the centaur!!
You kill the centaur!
The Council accepts your kill.
Your Dodging skill increases to level 4!
You hit the white imp but do no damage. Your grab misses the white imp.
The white imp misses you.
You hit the white imp. You grab the white imp.
The white imp is lightly wounded.
You constrict the white imp, but do no damage.
The white imp gestures at you. The puff of frost hits you!
* * * LOW HITPOINT WARNING * * *
You barely miss the white imp.
The white imp is lightly wounded.
You constrict the white imp, but do no damage.
The white imp misses you.
You hit the white imp but do no damage. Your squeeze misses the white imp.
The white imp is lightly wounded.
You constrict the white imp. The white imp barely misses you.
You hit the white imp but do no damage.
The white imp is poisoned.
You squeeze the white imp.
The white imp is heavily wounded.
You constrict the white imp. You barely miss the white imp.
The white imp is heavily wounded.
You constrict the white imp, but do no damage.
The white imp gestures at you. The puff of frost hits you!
You die...

..# #.####...### #.#
.## ##.# #...# ##.# ..#
#.## #....##.... ...#
##.# ##..#....##. ....#
#..# #..###....##.
.#...##.##
##..##........
..#.....# #...##.###.
... ........####...#.##
#. #.#
..........#...#.@#
.####..##.......5###...
.##.#
#..###.....$w......
.....#
###..##............w
#.)...
#....>..............
#.....
.........####.....###..
#..... .......###
#....## . ##..##.
.#####># #..#..#
#...... ..# #.###..#
#....


You could see a worm and a white imp (very poisoned).

Vanquished Creatures
  3 black bears
  A centaur (D:5)
  An orc priest (D:4)
  2 sleepcaps
  2 orc wizards (D:4)
  3 gnolls (D:2)
  4 adders
  A shadow imp (D:4)
  An ufetubus (D:4)
  A worm (D:3)
  A dart slug (D:3)
  18 orcs
  8 bats
  11 endoplasms
  6 giant cockroaches
  8 goblins
  6 hobgoblins
  3 jackals (D:5)
  3 quokkas (D:4)
  13 ball pythons
  6 frilled lizards
  3 kobolds
  8 rats
113 creatures vanquished.

Vanquished Creatures (others)
  A giant cockroach zombie (D:2)
  3 fungi (D:3)
  3 plants (D:3)
7 creatures vanquished.

Grand Total: 120 creatures vanquished

Notes
Turn   | Place    | Note
-------+----------+-------------------------------------------
     0 | D:1      | howech the Octopode Enchanter began the quest for the Orb.
     0 | D:1      | Reached XP level 1. HP: 11/11 MP: 3/3
   151 | D:1      | Reached XP level 2. HP: 13/17 MP: 5/5
   420 | D:1      | Found a faded altar of an unknown god.
   423 | D:1      | Prayed at the altar of an unknown god.
   423 | D:1      | Became a worshipper of the Wu Jian Council
   423 | D:1      | Reached * piety under Wu Jian
  1117 | D:2      | Reached XP level 3. HP: 16/21 MP: 6/6
  1287 | D:2      | Reached ** piety under Wu Jian
  1497 | D:2      | Reached XP level 4. HP: 27/27 MP: 7/7
  1503 | D:2      | Learned a level 2 spell: Ensorcelled Hibernation
  2021 | D:3      | Found Qusseemn's Distillery.
  2027 | D:3      | Found Ponliz Leri's Assorted Antiques.
  2053 | D:3      | Found a runed translucent gate.
  2053 | D:3      | Found a runed translucent gate.
  2056 | D:3      | Found a runed translucent gate.
  2081 | D:3      | Noticed arandomgamer's ghost (amateur HOFi)
  2081 | D:3      | Noticed a black bear
  2235 | D:3      | Found Gyisiga's Jewellery Boutique.
  2270 | D:3      | Found Dialoisy's Weapon Shop.
  2293 | D:3      | Found Siurchar's Magic Scroll Emporium.
  2616 | D:3      | Found a blossoming altar of Fedhas.
  2629 | D:3      | Noticed an oklob plant
  2680 | D:3      | Learned a level 3 spell: Dazzling Flash
  2855 | D:4      | Reached XP level 5. HP: 31/31 MP: 7/9
  2871 | D:4      | Identified the +8 long sword of the Crushed Portals {elec,
                  | rC+++ Str+4 Int-5}
  2887 | D:4      | Reached skill level 5 in Stealth
  2976 | D:4      | Reached *** piety under Wu Jian
  2980 | D:4      | Found a staircase to the Ecumenical Temple.
  3207 | D:4      | Found a sparkling altar of Nemelex Xobeh.
  3267 | D:4      | Found a shimmering altar of Xom.
  3302 | D:4      | Reached XP level 6. HP: 9/36 MP: 10/10
  3470 | D:4      | Found Qufawaff's General Store.
  3512 | D:4      | Noticed a black bear
  3519 | D:4      | Killed a black bear
  3639 | Temple   | Entered the Ecumenical Temple
  4200 | D:5      | Entered Level 5 of the Dungeon
  4279 | D:5      | Noticed a black bear
  4282 | D:5      | Killed a black bear
  4283 | D:5      | Reached skill level 6 in Stealth
  4283 | D:5      | Reached XP level 7. HP: 41/41 MP: 9/12
  4729 | D:5      | Killed from afar by a white imp

Illustrated notes

Levels and vault maps discovered:
D:1:      dpeg_arrival_tiny_b, layout_basic, basic_ecumenical_altar
D:2:      minmay_skewed_foursquare, layout_basic
D:3:      layout_rooms, tgw_fedhas, gammafunk_ghost_split, serial_shops,
          nicolae_square_shop, nicolae_shop_waterfront, shop, shop,
          nicolae_shop_waterfront
D:4:      layout_gridville, nemelex_spade_bored_becter,
          mainiacjoe_overflow_surrounded_room, temple_doors_e, serial_shops,
          shop, minmay_misc_feat_room
D:5:      layout_layer_cave
Temple:   minmay_temple_forest_path

Skill      XL: |  1  2  3  4  5  6  7 |
---------------+----------------------+-----
Short Blades   | 2 3 |  3.5
Stealth        | 5 6 |  6.4
Dodging        | 3 4 |  4.0
Spellcasting   | 3 |  3.8
Hexes          | 4 |  4.6

Action                     |  1- 3 |  4- 6 |  7- 9 || total
---------------------------+-------+-------+-------++-------
  Melee: Dagger            |    79 |   137 |    26 ||   242
         Constrict         |    13 |    30 |     4 ||    47
         Tentacles         |    13 |    35 |     4 ||    52
         Punch             |     1 |     3 |     1 ||     5
   Cast: Ensorcelled Hiber |       |     9 |     3 ||    12
Ability: Lunge             |    15 |    18 |     1 ||    34
         Whirlwind         |     2 |       |       ||     2
    Use: Scroll            |     6 |     6 |       ||    12
         Potion            |       |     1 |       ||     1
   Stab: Sleeping          |    14 |    25 |     3 ||    42
 Armour: Skin              |     7 |     5 |       ||    12
  Dodge: Dodged            |    36 |    30 |    17 ||    83

Table legend: (Time is in decaauts)
 A = Elapsed time spent in this place.
 B = Non-inter-level travel time spent in this place.
 C = Inter-level travel time spent in this place.
 D = Time resting spent in this place.
 E = Time spent auto-exploring this place.
 F = Levels seen in this place.
 G = Mean time per level.
                   A        B        C        D        E       F      G
               +--------+--------+--------+--------+--------+-----+--------+
         Total |   4706 |   4522 |    184 |    526 |   3112 |   6 |  784.3 |
       Dungeon |   4292 |   4198 |     94 |    526 |   2801 |   5 |  858.4 |
        Temple |    413 |    323 |     90 |      0 |    311 |   1 |  413.0 |
               +--------+--------+--------+--------+--------+-----+--------+

Top non-repeatable levels by time:
     D:2: 1025 daAuts
     D:1: 989 daAuts
     D:4: 932 daAuts
     D:3: 822 daAuts
     D:5: 522 daAuts
  Temple: 413 daAuts
